 Dungeon Crawl Stone Soup version 0.19-a0-488-gf8766cc (webtiles) character file.

2633 Delvonshi the Conjurer (level 9, -5/48 HPs)
             Began as a Vine Stalker Wizard on June 4, 2016.
             Was a Priest of Sif Muna.
             Killed from afar by an orc wizard (7 damage)
             ... with a puff of flame
             ... on level 7 of the Dungeon.
             The game lasted 00:45:10 (10577 turns).

Delvonshi the Conjurer (Vine Stalker Wizard)       Turns: 10577, Time: 00:45:11

Health: -5/48      AC:  6    Str: 10    XL:     9   Next: 61%
Magic:  0/15       EV: 13    Int: 21    God:    Sif Muna [***...]
Gold:   486        SH:  0    Dex: 13    Spells: 5 memorised, 1 level left

rFire  . . .     SeeInvis .     h - +0 dagger
rCold  . . .     Gourm    .     a - +0 robe
rNeg   . . .     Faith    .     (no shield)
rPois  .         Spirit   +     y - +1 hat
rElec  .         Dismiss  .     (no cloak)
rCorr  .         Reflect  .     k - +1 pair of gloves
SustAt .         Harm     .     G - +0 pair of boots
MR     +....                    (no amulet)
Stlth  +++.......               I - ring of stealth
                                i - +1 ring of evasion

@: somewhat resistant to hostile enchantments, fairly stealthy
A: fangs 3, regeneration 2, magic shield, antimagic bite, no device heal 3, rot
immunity
a: Channel Energy, Renounce Religion


You were on level 7 of the Dungeon.
You worshipped Sif Muna.
Sif Muna was most pleased with you.
You were not hungry.

You visited 1 branch of the dungeon, and saw 8 of its levels.
You also visited: Sewer.

You collected 486 gold pieces.

Inventory:

Hand Weapons
 h - a +0 dagger (weapon)
 x - a +0 trident
Armour
 a - a +0 robe (worn)
 k - a +1 pair of gloves (worn)
 y - a +1 hat (worn)
 G - a +0 pair of boots (worn)
 K - a +2 buckler
Jewellery
 i - a +1 ring of evasion (left hand)
 H - an uncursed ring of protection from magic
 I - a ring of stealth (right hand)
Wands
 w - a wand of slowing (8/48)
Scrolls
 f - 5 scrolls of remove curse
 g - 2 scrolls of identify
 j - 2 scrolls of fear
 n - 3 scrolls of fog
 o - 3 scrolls of noise {unknown}
 q - 5 scrolls of teleportation
 s - a scroll of enchant weapon {unknown}
 u - a scroll of random uselessness {unknown}
 z - a scroll of enchant armour {unknown}
 A - 2 scrolls of amnesia {unknown}
 B - a scroll of blinking {unknown}
 D - a scroll of magic mapping {unknown}
Potions
 b - a potion of cure mutation {unknown}
 e - a potion of brilliance {unknown}
 l - 5 potions of flight
 m - 2 potions of degeneration {unknown}
 p - 3 potions of magic
 t - 2 potions of ambrosia {unknown}
 v - a potion of berserk rage {unknown}
 C - 3 potions of curing {unknown}
 F - 2 potions of heal wounds {unknown}
 M - 2 potions of agility {unknown}
Books
 c - a book of Minor Magic

   Spells                             Type                      Level
   a - Magic Dart                     Conjuration                  1
   b - Blink                          Translocation                2
   c - Call Imp                       Summoning                    2
   d - Repel Missiles                 Charms/Air                   2
   e - Slow                           Hexes                        2
   f - Conjure Flame                  Conjuration/Fire             3
   g - Mephitic Cloud                 Conjuration/Poison/Air       3
 r - a book of Flames

   Spells                             Type                      Level
   a - Flame Tongue                   Conjuration/Fire             1
   b - Throw Flame                    Conjuration/Fire             2
   c - Conjure Flame                  Conjuration/Fire             3
   d - Inner Flame                    Hexes/Fire                   3
   e - Sticky Flame                   Conjuration/Fire             4
   f - Fireball                       Conjuration/Fire             5
Comestibles
 d - 3 bread rations
 E - 4 fruits
 J - 2 meat rations


   Skills:
 - Level 6.2 Fighting
 - Level 1.5 Dodging
 - Level 3.0 Stealth
 - Level 3.8 Spellcasting
 + Level 7.3 Conjurations
   Level 1.0 Summonings
 - Level 1.0 Translocations
 + Level 7.1 Fire Magic
 - Level 1.0 Air Magic
 - Level 0.6 Poison Magic


You had one spell level left.
You knew the following spells:

 Your Spells              Type           Power        Failure   Level  Hunger
a - Magic Dart            Conj           ####         1%          1    None
b - Conjure Flame         Conj/Fire      ####....     1%          3    ###....
c - Mephitic Cloud        Conj/Pois/Air  ###.....     14%         3    ###....
d - Fireball              Conj/Fire      ####......   21%         5    ######.
e - Blink                 Tloc           N/A          14%         2    #......


Dungeon Overview and Level Annotations

Branches:
Dungeon (8/15)             Temple (0/1) D:4
   Lair: D:8-11

Altars:
Dithmenos
Gozag
Okawaru
Ru
Sif Muna
Trog
The Shining One

Annotations:
D:3 eeviac's ghost, weakling HOCK
D:4 Menkaure


Innate Abilities, Weirdness & Mutations

You have razor-sharp teeth.
You heal very quickly.
When hurt, damage is shared between your health and your magic reserves.
Your bite disrupts and absorbs the magic of your enemies.
Potions and wands cannot restore your health.
You are immune to rotting.


Message History

Casting: Magic Dart
Confirm with . or Enter, or press ? or * to list all spells.
Aiming: Mephitic Cloud
Press: ? - help, Shift-Dir - straight line The ball explodes into a vile cloud!
The stinking cloud engulfs something.
There is an escape hatch in the floor here.
Something hits you.
You completely miss something. Something hits you but does no damage.
You are electrocuted!
You hit something. You bite something. Something hits you.
You are electrocuted!
* * * LOW HITPOINT WARNING * * *
You hear some strange, mumbled words.
A magic dart appears from out of thin air!
The magic dart hits you!
* * * LOW HITPOINT WARNING * * *
You hear some strange, mumbled words.
A puff of flame appears from out of thin air!
The puff of flame hits you!
You die...

<...<............##.#............
.###.#.....########.#............
...).........#......#............
....................+............
.#).......##.#.######............
.#.#.###..##.#.......######.##...
.............#######.# #......
.#.#.#############.#.# #..##..
.#.#............@..#.# #....#.
##............#......######.#....
...#.########.#.#...........#..##
####.# #.#.#.#.#########..##
####.# #.#.#....#...........
..##.# #.#.######.#####.....
..##.# #.#..[.....# ##.....
..<#.# #.#############......
..##.#### #................)...


There were no monsters in sight!

Vanquished Creatures
  The ghost of chicagocrazy the Ruffian, a novice HOMo of Beogh (D:7)
  Joseph (D:7)
  Edmund (D:6)
  An orc warrior (D:6)
  A sky beast (D:5)
  An ice beast (D:7)
  An ogre (D:4)
  A big kobold (Sewer)
  A giant frog (D:6)
  A gnoll sergeant (D:6)
  A water moccasin skeleton (D:7)
  A scorpion (D:6)
  2 howler monkeys
  A crimson imp (D:6)
  A giant frog zombie (D:6)
  2 hounds
  A jelly (D:5)
  6 orc priests
  8 orc wizards
  6 worker ants
  3 iguanas
  Robin (D:4)
  6 adders
  4 gnolls (D:6)
  A shadow imp (D:7)
  An ooze (D:3)
  3 adder skeletons
  3 dart slugs (D:2)
  6 giant geckos
  8 orcs
  6 giant cockroaches
  19 goblins
  7 hobgoblins
  11 jackals
  7 quokkas
  3 ball pythons
  A ball python skeleton (D:4)
  7 bats
  5 giant newts
  A jackal skeleton (D:4)
  13 kobolds
  A quokka zombie (D:6)
  12 rats
168 creatures vanquished.

Notes
Turn   | Place    | Note
--------------------------------------------------------------
     0 | D:1      | Delvonshi the Vine Stalker Wizard began the quest for the Orb.
     0 | D:1      | Reached XP level 1. HP: 9/9 MP: 5/5
   251 | D:1      | Reached XP level 2. HP: 13/14 MP: 1/7
   252 | D:1      | Reached skill level 1 in Fighting
   662 | D:2      | Found a deep blue altar of Sif Muna.
   664 | D:2      | Found a glowing golden altar of the Shining One.
   665 | D:2      | Found a bloodstained altar of Trog.
   679 | D:2      | Became a worshipper of Sif Muna the Loreminder
  1007 | D:2      | Reached XP level 3. HP: 18/18 MP: 9/9
  1406 | D:2      | Found a shadowy altar of Dithmenos.
  1426 | D:2      | Reached XP level 4. HP: 23/23 MP: 10/10
  1547 | D:2      | Learned a level 3 spell: Conjure Flame
  1551 | D:2      | Learned a level 3 spell: Mephitic Cloud
  2169 | D:3      | Noticed eeviac's ghost (weakling HOCK)
  3298 | D:3      | Reached skill level 1 in Fire Magic
  3601 | D:3      | Reached XP level 5. HP: 25/26 MP: 5/11
  3696 | D:4      | Found an iron altar of Okawaru.
  3871 | D:4      | Reached skill level 1 in Air Magic
  4071 | D:4      | Noticed Menkaure
  4140 | D:4      | Noticed an ogre
  4451 | D:3      | HP: 1/27 [eeviac's ghost (2)]
  4800 | D:4      | Killed an ogre
  4800 | D:4      | Gained mutation: You heal very quickly. [Vine Stalker growth]
  4800 | D:4      | Reached XP level 6. HP: 32/32 MP: 12/12
  5124 | D:4      | Found a staircase to the Ecumenical Temple.
  5455 | D:4      | Noticed Robin
  5483 | D:4      | Killed Robin
  5556 | D:5      | Entered Level 5 of the Dungeon
  5574 | D:5      | Reached XP level 7. HP: 36/36 MP: 13/13
  5704 | D:5      | Found an opulent altar of Gozag.
  5732 | D:5      | Reached * piety under Sif Muna
  6228 | D:5      | Found a glowing drain.
  6243 | Sewer    | Entered a sewer
  6481 | Sewer    | Found a white marble altar of Elyvilon.
  7504 | D:5      | Gained mutation: You have razor-sharp teeth. [Vine Stalker growth]
  7504 | D:5      | Reached XP level 8. HP: 42/42 MP: 11/14
  7757 | D:6      | Noticed Edmund
  7757 | D:6      | Reached skill level 5 in Conjurations
  7973 | D:6      | Killed Edmund
  7973 | D:6      | Reached ** piety under Sif Muna
  7973 | D:6      | Reached skill level 5 in Fighting
  8033 | D:6      | Found a sacrificial altar of Ru.
  8217 | D:6      | Reached skill level 5 in Fire Magic
  8905 | D:6      | Learned a level 5 spell: Fireball
  8911 | D:6      | Learned a level 2 spell: Blink
  8973 | D:7      | Noticed Joseph
  9091 | D:7      | Reached XP level 9. HP: 48/48 MP: 4/15
  9304 | D:7      | Noticed chicagocrazy's ghost (novice HOMo)
  9322 | D:7      | Killed chicagocrazy's ghost
 10049 | D:7      | Killed Joseph
 10049 | D:7      | Reached *** piety under Sif Muna
 10576 | D:7      | HP: 1/48 [something/magic dart (2)]
 10577 | D:7      | Killed from afar by an orc wizard

Vault maps used:
D:1:      dpeg_arrival_tiny_f, minmay_misc_feat_square
D:2:      grunt_temple_overflow_open, nicolae_dithmenos_through_a_glass_darkly
D:3:      grunt_ministairs_14
D:4:      overflow_temple_1_default, minmay_temple_entry_grid, first_bread,
          led_sif_book, uniq_robin, uniq_menkaure
D:5:      portal_sewer_entry_d, grunt_gozag_breadcrumbs
D:6:      kennysheep_little_box, uniq_edmund
D:7:      uniq_joseph
D:8:      elyvilon_altar_4, hangedman_ranch, nicolae_tso_swordbearing_angel
Sewer:    sewer_kobolds

Skill      XL: |  1  2  3  4  5  6  7  8  9 |
---------------+----------------------------+-----
Fighting       | 1 2 3 4 5 6 |  6.2
Conjurations   | 2 3 4 6 7 |  7.3
Stealth        | 3 |  3.0
Fire Magic     | 1 2 3 4 5 7 |  7.1
Air Magic      | 1 |  1.0
Dodging        | |  1.5
Spellcasting   | |  3.8
Summonings     | |  1.0
Translocations | |  1.0
Poison Magic   | |  0.6

Action                   |  1- 3 |  4- 6 |  7- 9 || total
-------------------------+-------+-------+-------++-------
Melee: Dagger            |    77 |   211 |   405 ||   693
       Bite              |    10 |    46 |   105 ||   161
       Trident           |       |    11 |       ||    11
 Cast: Magic Dart        |    40 |    78 |   198 ||   316
       Conjure Flame     |       |     8 |    11 ||    19
       Mephitic Cloud    |       |     5 |    18 ||    23
  Use: Scroll            |       |     1 |     8 ||     9
       Potion            |       |       |     1 ||     1
 Stab: Sleeping          |     3 |     2 |     2 ||     7
       Confused          |       |     6 |    11 ||    17
  Eat: Chunk             |     1 |    13 |    17 ||    31
       Royal jelly       |       |     1 |       ||     1
       Fruit             |       |       |     3 ||     3
Armor: Robe              |    11 |    59 |    94 ||   164
Dodge: Dodged            |    68 |   137 |   279 ||   484
